 Dungeon Crawl Stone Soup version 0.30.1-4-g462c640d31 (webtiles) character file.

Game seed: 15375072621319438729

1908142 LordWeiramon the Axe Maniac (level 26, 266/266 HPs)
             Began as a Minotaur Gladiator on Sept 8, 2023.
             Was the Champion of Okawaru.
             Escaped with the Orb
             ... and 3 runes!
             The game lasted 02:53:53 (52923 turns).

LordWeiramon the Axe Maniac (Minotaur Gladiator)   Turns: 52923, Time: 02:53:53

Health: 266/266    AC: 50    Str: 31    XL:     26   Next: 5%
Magic:  14/14      EV: 23    Int:  5    God:    Okawaru [******]
Gold:   2452       SH:  0    Dex: 15    Spells: 25/25 levels left

rFire   + + +        a - +8 frozen axe "Frostbite" {freeze, freezing cloud, *Noise Fly rC+}
rCold   + + .        (shield currently unavailable)
rNeg    + + .        D - +11 gold dragon scales
rPois   +            z - +1 hat of Masochism {-Cast rF++ rN++ MP-9}
rElec   +            S - +2 cloak {Will+}
rCorr   +            U - +2 pair of gloves {hurl}
SInv    .            l - +1 pair of boots "Giemeaj" {Rampage rF+ Will+}
Will    +++..        W - amulet of the Air {Inacc Air Fly rElec RMsl} Stlth
                     T - ring "Jeggiukh" {rCorr Str+3}
HPRegen 0.64/turn    Q - +5 ring of evasion
MPRegen 0.14/turn

%: no spellcasting, repel missiles, rampage
@: flying, studying 2 skills
A: horns 2, retaliatory headbutt, low MP 2
0: Orb of Zot
}: 3/15 runes: decaying, serpentine, abyssal
a: Renounce Religion, Heroism, Finesse, Duel


You escaped.
You worshipped Okawaru.
Okawaru was exalted by your worship.
You visited 9 branches of the dungeon, and saw 46 of its levels.
You visited the Abyss 2 times.
You also visited: Gauntlet and Ice Cave.

You collected 5706 gold pieces.
You spent 3254 gold pieces at shops.

Inventory:

Hand Weapons
 a - the +8 frozen axe "Frostbite" (weapon) {freeze, freezing cloud, *Noise Fly rC+}
   (You found it in an ice cave)

   rC:        It protects you from cold.
   Fly:       It grants you flight.
   *Noise:    It may make noises in combat.
 b - a +9 executioner's axe of flaming
Missiles
 d - 14 javelins (quivered)
 k - 3 throwing nets
 K - 11 silver javelins
Armour
 c - the +15 Maxwell's patent armour {-Cast -Tele rElec Will+ rCorr}
   (You found it on level 3 of the Elven Halls)

   rElec:     It insulates you from electricity.
   -Cast:     It prevents spellcasting.
   -Tele:     It prevents most forms of teleportation.
   rCorr:     It protects you from acid and corrosion.
   Will:      It increases your willpower.
 l - the +1 pair of boots "Giemeaj" (worn) {Rampage rF+ Will+}
   (You bought it in a shop on level 1 of the Elven Halls)

   rF:        It protects you from fire.
   Rampage:   It bestows one free step when moving towards enemies.
   Will:      It increases your willpower.
 o - the +0 cloak of Watchfulness {rElec}
   (You found it in a Gauntlet)

   rElec:     It insulates you from electricity.
 z - the +1 hat of Masochism (worn) {-Cast rF++ rN++ MP-9}
   (Okawaru gifted it to you on level 10 of the Dungeon)

   rF:        It greatly protects you from fire.
   rN:        It greatly protects you from negative energy.
   MP:        It affects your magic capacity (-9).
   -Cast:     It prevents spellcasting.
 D - +11 gold dragon scales (worn)
 F - the +11 crystal plate armour of Generosity {rF++}
   (Okawaru gifted it to you on level 3 of the Depths)

   rF:        It greatly protects you from fire.
 R - the +12 crystal plate armour of the Sneaky Prophets {Int+3}
   (Okawaru gifted it to you on level 4 of the Swamp)

   Int:       It affects your intelligence (+3).
 S - a +2 cloak of willpower (worn)
 U - a +2 pair of gloves of hurling (worn)
Jewellery
 u - a ring of protection from cold
 y - a ring of poison resistance
 I - an amulet of the acrobat
 Q - a +5 ring of evasion (right hand)
 T - the ring "Jeggiukh" (left hand) {rCorr Str+3}
   (You acquired it on level 4 of the Swamp)

   [ring of resist corrosion]

   Str:       It affects your strength (+3).
   rCorr:     It protects you from acid and corrosion.
 V - an amulet of regeneration
 W - the amulet of the Air (around neck) {Inacc Air Fly rElec RMsl}
   (You found it on level 3 of the Elven Halls)

   [amulet of nothing]

   Inacc:     It reduces the accuracy of your attacks and spells.
   Air:       It enhances your air magic.
   rElec:     It insulates you from electricity.
   Fly:       It grants you flight.
   RMsl:      It protects you from missiles.
 X - the amulet "Iqacsiss" {Acrobat Dex+3 SInv}
   (You found it on level 3 of the Vaults)

   [amulet of the acrobat]

   It increases your evasion while moving and waiting.
   Dex:       It affects your dexterity (+3).
   SInv:      It lets you see invisible.
Wands
 h - a wand of flame (125)
 E - a wand of light (20)
 G - a wand of mindburst (41)
 M - a wand of paralysis (62)
 P - a wand of digging (4)
 Y - a wand of roots (28)
Scrolls
 e - 2 scrolls of enchant weapon
 f - 13 scrolls of fog
 m - 22 scrolls of teleportation
 n - 12 scrolls of fear
 v - 8 scrolls of blinking
 C - 9 scrolls of brand weapon
 N - 4 scrolls of magic mapping
 Z - 3 scrolls of silence
Potions
 g - 6 potions of cancellation
 i - 5 potions of ambrosia
 j - 7 potions of might
 p - 17 potions of attraction
 q - 13 potions of haste
 r - 14 potions of curing
 t - 6 potions of mutation
 x - 2 potions of magic
 A - 4 potions of invisibility
 B - 4 potions of resistance
 H - 4 potions of brilliance
 J - 23 potions of heal wounds
 L - 9 potions of flight
 O - 4 potions of berserk rage
Miscellaneous
 s - a lightning rod (4/4)
 w - a phial of floods


   Skills:
 O Level 27 Fighting
 O Level 27 Axes
 - Level 2.0 Throwing
 O Level 27 Armour
 + Level 25.1 Dodging
 - Level 10.1 Shields
 - Level 3.2 Unarmed Combat
 - Level 9.3 Invocations


You had 25 spell levels left.
You didn't know any spells.
Your spell library contained the following spells:

 Spells                   Type           Power      Damage    Failure   Level
 Foxfire                  Conj/Fire      0%         2x1d4     95%         1
 Magic Dart               Conj           0%         1d3       95%         1
 Sandblast                Erth           0%         2d4       95%         1
 Shock                    Conj/Air       0%         1d3       95%         1
 Slow                     Hex            0%         N/A       95%         1
 Ensorcelled Hibernation  Hex/Ice        0%         N/A       99%         2
 Lesser Beckoning         Tloc           0%         N/A       99%         2
 Passwall                 Tmut/Erth      0%         N/A       99%         2
 Poisonous Vapours        Pois/Air       0%         N/A       99%         2
 Static Discharge         Conj/Air       0%         2-2/arc   99%         2
 Confusing Touch          Hex            0%         N/A       100%        3
 Dazzling Flash           Conj/Hex       0%         N/A       100%        3
 Frozen Ramparts          Ice            0%         1d1       100%        3
 Gell's Gravitas          Tloc           0%         N/A       100%        3
 Hailstorm                Conj/Ice       0%         3d3       100%        3
 Inner Flame              Hex/Fire       0%         N/A       100%        3
 Mephitic Cloud           Conj/Pois/Air  0%         N/A       100%        3
 Portal Projectile        Hex/Tloc       0%         N/A       100%        3
 Spider Form              Tmut/Pois      0%         N/A       100%        3
 Stone Arrow              Conj/Erth      0%         3d7       100%        3
 Swiftness                Air            0%         N/A       100%        3
 Teleport Other           Tloc           0%         N/A       100%        3
 Vampiric Draining        Necr           0%         2d6       100%        3
 Vhi's Electric Charge    Tloc/Air       0%         N/A       100%        3
 Volatile Blastmotes      Fire/Tloc      0%         2d10      100%        3
 Airstrike                Air            0%         2d(0-16)  100%        4
 Anguish                  Hex/Necr       0%         N/A       100%        4
 Cause Fear               Hex            0%         N/A       100%        4
 Flame Wave               Conj/Fire      0%         2d4       100%        4
 Ice Form                 Ice/Tmut       0%         N/A       100%        4
 Iskenderun's Mystic Bla  Conj/Tloc      0%         2d3       100%        4
 Passage of Golubria      Tloc           0%         N/A       100%        4
 Sticky Flame             Conj/Fire      0%         2d3       100%        4
 Alistair's Intoxication  Tmut/Pois      0%         N/A       100%        5
 Arcjolt                  Conj/Air       0%         1d10      100%        5
 Blade Hands              Tmut           0%         N/A       100%        5
 Borgnjor's Vile Clutch   Necr/Erth      0%         N/A       100%        5
 Fireball                 Conj/Fire      0%         3d3       100%        5
 Freezing Cloud           Conj/Ice/Air   0%         6-21      100%        5
 Irradiate                Conj/Tmut      0%         3d11      100%        5
 Iskenderun's Battlesphe  Conj           0%         2d6       100%        5
 Lee's Rapid Deconstruct  Erth           0%         3d4*      100%        5
 Silence                  Hex/Air        0%         N/A       100%        5
 Dispersal                Tloc           0%         N/A       100%        6
 Eringya's Noxious Bog    Tmut/Pois      0%         N/A       100%        6
 Iron Shot                Conj/Erth      0%         9d1       100%        6
 Plasma Beam              Fire/Air       0%         2x1d11    100%        6
 Starburst                Conj/Fire      0%         6d3       100%        6
 Statue Form              Tmut/Erth      0%         N/A       100%        6
 Dragon Form              Tmut           0%         N/A       100%        7
 Borgnjor's Revivificati  Necr           0%         N/A       100%        8
 Lehudib's Crystal Spear  Conj/Erth      0%         10d2      100%        8
 Maxwell's Capacitive Co  Air            0%         ∞         100%        8
 Necromutation            Tmut/Necr      0%         N/A       100%        8
 Death's Door             Necr           0%         N/A       100%        9
 Call Imp                 Summ           Unusable   N/A       N/A         2
 Tukima's Dance           Hex            Unusable   N/A       N/A         3
 Animate Armour           Summ/Erth      Unusable   N/A       N/A         4
 Animate Dead             Necr           Unusable   N/A       N/A         4
 Summon Ice Beast         Ice/Summ       Unusable   N/A       N/A         4
 Summon Lightning Spire   Summ/Air       Unusable   N/A       N/A         4
 Death Channel            Necr           Unusable   N/A       N/A         6
 Simulacrum               Ice/Necr       Unusable   N/A       N/A         6
 Spellforged Servitor     Conj/Summ      Unusable   N/A       N/A         7
 Dragon's Call            Summ           Unusable   N/A       N/A         9

Dungeon Overview and Level Annotations

Branches:
Dungeon (15/15)            Temple (0/1) D:4            Lair (5/5) D:9
  Swamp (4/4) Lair:2        Snake (4/4) Lair:2        Slime (0/5) Lair:4
    Orc (2/2) D:10            Elf (3/3) Orc:2        Vaults (4/5) D:13
  Crypt (0/3) Vaults:3     Depths (4/4) D:15            Zot (5/5) Depths:4
  IceCv (visited)         Gauntlet (visited)

Altars:
Cheibriados
Fedhas
Gozag
Hepliaklqana
Kikubaaqudgha
Okawaru
Sif Muna
Trog
Vehumet
Xom
Zin

Shops:
D:5 ?*   D:6 :   D:8 (   D:10 =   Orc:1 ?   Orc:2 :*!(   Elf:1 [*[(
Vaults:2 !   Vaults:4 (   Zot:1 **   Depths:1 =   Depths:4 *

Portals:
Hell: Depths:1 Depths:2 Depths:3 Depths:4
Abyss: Depths:1 Depths:2 Depths:3
Pandemonium: Depths:2
Ziggurat: Depths:3

Annotations:
Zot:1 3 runed translucent doors, exclusion: obsidian statue, Jiorhin's ghost, legendary TrBe
Zot:3 1 transporter
Zot:4 2 transporters


Innate Abilities, Weirdness & Mutations

You have a pair of horns on your head.
You reflexively headbutt those who attack you in melee.
Your magical capacity is very low. (-20% MP)


Message History

There is a stone staircase leading down here.
HP restored.
There is a stone staircase leading up here.
You fly upwards.
There is a stone staircase leading down here.
You see here a +0 dagger.
Your extra speed is starting to run out.
A blizzard demon comes into view.
You rampage towards the blizzard demon!
The blizzard demon barely misses you.
The blizzard demon hits you but does no damage.
You slash the blizzard demon! You freeze the blizzard demon.
The blizzard demon is moderately wounded.
You miss the blizzard demon.
Your headbutt misses the blizzard demon.
The blizzard demon is moderately wounded.
The blizzard demon gestures at you. The bolt of cold misses you.
You closely miss the blizzard demon.
The blizzard demon is moderately wounded.
You chop the blizzard demon into pieces!!!
You freeze the blizzard demon.
You kill the blizzard demon!
Okawaru accepts your kill. Okawaru grants you a weapon!
Something appears at your feet!
You see here a +2 hand axe of electrocution.
(D) Dungeon (T) Temple (L) Lair (S) Swamp (P) Snake Pit (M) Slime Pits (O) Orcish Mines (E) Elven Halls (V) Vaults (C) Crypt (U) Depths (H) Hell (Z) Zot
Where to? (Enter - D:1 @ (x,y), ? - help)
You feel yourself slow down.
There is a stone staircase leading down here.
Things that are here:
3 stones; a +0 club You see here a +0 dagger.
You see here a +0 club.
There is an escape hatch in the floor here.
There is a staircase leading out of the dungeon here.
You have escaped!

########
#....>@#
#.###### #.#
#.# #.# #.#
###########.#
...)........#
...##########


There were no monsters in sight!

Vanquished Creatures
  3 ancient liches (Zot:5)
  5 dread liches (Zot:5)
  3 orbs of fire (Zot:5)
  Parghit (Zot:4)
  Saint Roka (Snake:2)
  Vashnia (Snake:2)
  3 curse toes
  4 Killer Klowns (Zot:5)
  A bone dragon (Abyss:3)
  A pandemonium lord (D:3)
  4 golden dragons
  Nikola (Swamp:1)
  3 electric golems
  An iron giant (Depths:2)
  Jorgrun (D:13)
  Zenata (Elf:1)
  Rupert (D:13)
  16 tentacled monstrosities
  27 Orb Guardians
  6 titans
  5 liches
  2 deep elf blademasters (Elf:3)
  Asterion (Snake:4)
  Frances (Elf:1)
  2 quicksilver dragons
  Gastronok (Lair:1)
  8 death cobs
  2 deep elf master archers (Elf:3)
  3 sphinxes
  5 tengu reavers
  The ghost of Amikeex the Brawler, an adept TrMo of Nemelex Xobeh (Depths:2)
  A thorn hunter (Swamp:4)
  Kirke (D:15)
  5 shadow dragons
  Donald (Snake:3)
  Roxanne (D:15)
  2 fenstrider witches
  5 nagarajas
  A tentacled starspawn (Abyss:3)
  5 draconian monks
  2 azure jellies (Swamp:4)
  14 storm dragons
  11 deep elf sorcerers
  4 draconian knights
  18 fire giants
  7 vault wardens
  A ghost moth (Zot:3)
  4 draconian scorchers
  12 frost giants
  An iron dragon (Depths:2)
  Aizul (Snake:3)
  5 draconian shifters
  4 deep elf elementalists (Elf:3)
  A caustic shrike zombie (Depths:2)
  An orc warlord (Vaults:4)
  A spriggan defender (Depths:4)
  23 very ugly things
  3 reapers
  5 draconian stormcallers
  11 stone giants
  9 ironbound preservers
  2 war gargoyles (Vaults:4)
  4 ironbound thunderhulks
  A draconian annihilator (Zot:4)
  3 vampire knights
  2 black draconians
  Nessos (D:13)
  An ophan (Abyss:2)
  4 eleionomae
  6 deep elf demonologists (Elf:3)
  The ghost of Ralil the Grappler, a journeyman TrFi of Okawaru (D:13)
  The ghost of Ralil the Grappler, a journeyman TrFi of Okawaru (D:13)
  4 purple draconians
  5 red draconians
  11 green draconians
  10 yellow draconians
  Azrael (D:13)
  3 deep elf annihilators (Elf:3)
  9 white draconians
  4 dire elephants (Vaults:2)
  A minotaur (Gauntlet)
  4 bunyips
  A spark wasp (Depths:2)
  Snorg (D:10)
  A crystal guardian (Vaults:2)
  7 deep elf death magi (Elf:3)
  A merfolk javelineer (Depths:1)
  6 ettins
  A blizzard demon (D:1)
  6 yaktaur captains
  5 fire dragons
  4 entropy weavers
  Josephine (D:15)
  3 great orbs of eyes
  A shambling mangrove (Swamp:3)
  A deep elf high priest (Elf:3)
  3 rakshasas
  7 hydras
  5 vault guards
  3 spriggan air magi
  4 salamander tyrants
  7 ice dragons
  4 ogre magi (Orc:2)
  A juggernaut simulacrum (Depths:2)
  2 catoblepae
  14 centaur warriors
  5 ghost crabs
  9 anacondas
  2 peacekeepers
  A merfolk avatar (Lair:5)
  The ghost of Lyung the Destroyer, a journeyman DsCj of Gozag (D:13)
  5 ironbound frosthearts
  A two-headed ogre (shapeshifter) (Abyss:3)
  7 deep troll shamans
  A death knight (D:15)
  7 boulder beetles
  21 two-headed ogres
  9 alligators
  18 naga warriors
  34 dancing weapons
  23 death yaks
  4 orc high priests (Elf:1)
  A vampire mage (Depths:3)
  9 deep troll earth magi
  4 hell hogs (Depths:1)
  The ghost of BillyBaka the Skirmisher, a novice FoHu of Uskayaw (D:7)
  5 tengu warriors
  15 naga sharpshooters
  A titan zombie (Depths:2)
  Urug (D:13)
  6 hell knights (Vaults:4)
  A shock serpent (shapeshifter) (Elf:3)
  3 sun demons (Depths:1)
  5 spriggan berserkers
  A thrashing horror (Abyss:2)
  17 shock serpents
  14 deep elf knights
  5 fire crabs (Lair:4)
  A titan skeleton (Vaults:4)
  A skyshark (shapeshifter) (Vaults:4)
  A soul eater (Depths:1)
  A spark wasp zombie (Depths:2)
  2 wretched stars (Abyss:3)
  A sixfirhy (Abyss:3)
  2 skysharks (Lair:5)
  A storm dragon zombie (Depths:1)
  5 goliath frogs
  19 iron trolls
  3 sea snakes
  4 salamander mystics
  6 spatial maelstroms (Abyss:3)
  4 spriggan druids
  2 flayed ghosts (Depths:2)
  A swamp dragon (Swamp:4)
  A shadow demon (D:3)
  5 skeletal warriors (D:15)
  40 deep trolls
  8 deep elf archers
  8 ironbound convokers
  7 wizards
  4 naga ritualists
  3 bog bodies
  An orange crystal statue (Gauntlet)
  2 phantasmal warriors
  A harpy (Lair:5)
  6 lindwurms
  4 starcursed masses
  29 deep elf zephyrmancers
  9 necromancers
  A wolf spider zombie (D:15)
  2 tengu skeletons (Vaults:4)
  Pikel (D:7)
  26 deep elf pyromancers
  An iron dragon zombie (Abyss:3)
  3 orc sorcerers
  2 human zombies
  An oklob plant (Lair:3)
  3 orc knights
  32 ugly things
  4 manticores
  A frost giant zombie (Vaults:1)
  32 moths of wrath
  4 will-o-the-wisps
  11 mana vipers
  6 cyclopes
  24 elephants
  16 salamanders
  35 slime creatures
  4 worldbinders
  An iron dragon skeleton (Depths:1)
  An ice statue (IceCv)
  7 guardian serpents
  14 naga magi
  An apocalypse crab (Lair:4)
  30 black mambas
  A stone giant skeleton (Depths:1)
  A black mamba (shapeshifter) (Abyss:3)
  A centaur zombie (D:15)
  10 cane toads
  7 smoke demons
  16 vault sentinels
  Maggie (D:7)
  7 komodo dragons
  11 unseen horrors
  19 yaktaurs
  3 efreet
  A yaktaur zombie (Vaults:4)
  7 freezing wraiths
  An unseen horror zombie (D:7)
  A kobold demonologist (D:12)
  16 rime drakes
  A spectral skyshark (Lair:2)
  6 hellions
  3 tengu conjurers
  A tormentor (Abyss:3)
  2 ancient zymes
  A meliai (D:14)
  A komodo dragon (shapeshifter) (Elf:2)
  6 polar bears
  2 queen bees (shapeshifter)
  A wind drake (shapeshifter) (D:14)
  10 trolls
  12 hornets
  2 sphinx simulacra
  8 tyrant leeches
  A raiju (shapeshifter) (D:13)
  A wind drake (Lair:5)
  2 raiju (Abyss:3)
  16 blink frogs
  A jumping spider (Vaults:3)
  13 spriggans
  2 centaur simulacra
  10 water elementals
  6 wraiths
  A shadow (D:10)
  2 air elementals
  13 wyverns
  2 ynoxinuls
  16 basilisks
  3 fire elementals
  Grum (D:9)
  3 hogs (D:15)
  49 yaks
  8 large abominations
  15 humans (D:13)
  2 fire bats (Abyss:3)
  4 swamp worm simulacra (Swamp:4)
  A redback (Vaults:3)
  4 steam dragons
  10 vampire mosquitoes
  2 wargs (Orc:1)
  A spectral cane toad (Lair:2)
  Edmund (D:6)
  Menkaure (D:6)
  5 spatial vortices (Abyss:3)
  2 elf skeletons
  55 nagas
  2 acid dragons
  19 swamp worms
  17 water moccasins
  A spectral yak (Lair:2)
  14 hydra simulacra (Swamp:4)
  5 hell hounds
  2 floating eyes
  A hornet zombie (D:15)
  A swamp drake (Swamp:4)
  2 ice beasts (D:7)
  A sky beast (D:7)
  18 orc warriors
  3 black bears
  31 ogres
  19 wolves
  10 centaurs
  A phantom (D:5)
  Blork the orc (D:5)
  A kobold brigand (D:10)
  A spectral water moccasin (Lair:2)
  4 scorpions
  10 bullfrogs
  4 earth elementals
  A glowing shapeshifter simulacrum (Vaults:4)
  3 gnoll sergeants
  11 wights
  The ghost of gohan83 the Covered, a weakling AtBe of Trog (D:5)
  17 killer bees
  A spectral centaur (D:7)
  5 electric eels
  3 howler monkeys
  A crimson imp (D:8)
  3 quasits (Abyss:3)
  14 jellies
  13 orc priests
  5 hounds
  A gnoll bouda (D:9)
  An iguana (shapeshifter) (D:13)
  5 small abominations
  17 orc wizards
  4 hell rats (D:14)
  A boggart simulacrum (D:15)
  A killer bee simulacrum (D:7)
  Robin (D:3)
  19 gnolls
  5 adders
  A shadow imp (D:7)
  15 white imps
  An ufetubus (D:5)
  4 swamp drake simulacra (Swamp:4)
  4 worms (D:2)
  4 dart slugs
  76 orcs
  5 ball pythons
  5 bats
  7 endoplasms
  6 giant cockroaches
  10 goblins
  9 hobgoblins
  2 jackals (D:5)
  9 kobolds
  5 quokkas
  3 frilled lizards
  3 rats (D:1)
  2 spectral weapons
2008 creatures vanquished.

Vanquished Creatures (others)
  A draconian knight (Zot:2)
  A hell knight (Vaults:4)
  2 spriggans (Swamp:1)
  A bloated husk (Swamp:4)
  2 hornets (Swamp:1)
  A human (D:13)
  14 foxfires
22 creatures vanquished.

Grand Total: 2030 creatures vanquished

Notes
Turn   | Place    | Note
-------+----------+-------------------------------------------
     0 | D:1      | LordWeiramon the Minotaur Gladiator began the quest for the
                  | Orb.
     0 | D:1      | Reached XP level 1. HP: 18/18 MP: 0/0
   122 | D:1      | Reached XP level 2. HP: 26/26 MP: 1/1
   349 | D:1      | Reached XP level 3. HP: 33/33 MP: 2/2
   638 | D:2      | Found a faded altar of an unknown god.
   693 | D:2      | Reached skill level 5 in Fighting
   932 | D:2      | Reached XP level 4. HP: 42/42 MP: 3/3
  1326 | D:3      | Noticed Robin
  1342 | D:3      | Reached skill level 1 in Axes
  1398 | D:3      | Killed Robin
  1538 | D:3      | Found a hazy altar of Hepliaklqana.
  1541 | D:3      | Found a radiant altar of Vehumet.
  1551 | D:3      | Found an iron altar of Okawaru.
  1554 | D:3      | Found a glowing silver altar of Zin.
  1666 | D:3      | Became a worshipper of Warmaster Okawaru
  2242 | D:4      | Found a blossoming altar of Fedhas.
  2531 | D:4      | Reached XP level 5. HP: 48/48 MP: 4/4
  2581 | D:4      | Noticed an ogre
  2594 | D:4      | Killed an ogre
  2742 | D:4      | Found a staircase to the Ecumenical Temple.
  3053 | D:5      | Entered Level 5 of the Dungeon
  3062 | D:5      | Noticed Blork the orc
  3087 | D:5      | Killed Blork the orc
  3088 | D:5      | Reached skill level 5 in Axes
  3088 | D:5      | Reached XP level 6. HP: 34/56 MP: 5/5
  3243 | D:5      | Found Qut Ceutrux's Elemental Accessories.
  3251 | D:5      | Bought a wand of flame (23) for 225 gold pieces
  3298 | D:5      | Noticed a water moccasin
  3305 | D:5      | Killed a water moccasin
  3305 | D:5      | Reached * piety under Okawaru
  3424 | D:5      | Found Loceehua's Magic Scroll Shop.
  3472 | D:5      | Found a runed translucent gate.
  3473 | D:5      | Found a runed translucent gate.
  3473 | D:5      | Noticed gohan83's ghost (weakling AtBe)
  3474 | D:5      | Identified the +2 dagger of Ambiguity {antimagic, rElec
                  | Str+3 Int-2}
  3497 | D:5      | Reached XP level 7. HP: 18/61 MP: 6/6
  3863 | D:5      | Identified the +0 flail of Hepliaklqana's Scorn {heavy,
                  | *Rage rPois rN+ Will+ Dex+4}
  3996 | D:5      | Found a runed translucent gate.
  4090 | D:5      | Killed gohan83's ghost
  4377 | D:6      | Noticed Menkaure
  4385 | D:6      | Killed Menkaure
  4385 | D:6      | Reached ** piety under Okawaru
  4386 | D:6      | Reached skill level 10 in Axes
  4386 | D:6      | Reached XP level 8. HP: 21/68 MP: 7/7
  4496 | D:6      | Noticed Edmund
  4510 | D:6      | Killed Edmund
  4647 | D:6      | Found Sarudd's Tremendous Tomes.
  4727 | D:5      | Bought a scroll of noise for 14 gold pieces
  4727 | D:5      | Bought a scroll of teleportation for 42 gold pieces
  4747 | D:6      | Identified the +2 mace of Leimauph {antimagic, rC- rN+
                  | rCorr Dex+4}
  5082 | D:6      | You fall into a shaft and drop 2 floors!
  5321 | D:7      | Reached skill level 5 in Armour
  5454 | D:7      | Reached skill level 5 in Dodging
  5457 | D:7      | Reached XP level 9. HP: 48/74 MP: 8/8
  5605 | D:7      | Noticed Pikel
  5618 | D:7      | Killed Pikel
  5618 | D:7      | Reached *** piety under Okawaru
  5814 | D:7      | Found a runed translucent gate.
  5814 | D:7      | Found a runed translucent gate.
  5815 | D:7      | Found a runed translucent gate.
  5817 | D:7      | Noticed BillyBaka's ghost (novice FoHu)
  5929 | D:7      | Noticed Maggie
  5943 | D:7      | Killed Maggie
  7146 | D:8      | Found Bacw's Antique Weapon Shop.
  7211 | D:5      | Bought a scroll of fog for 56 gold pieces
  7211 | D:5      | Bought 2 scrolls of poison for 112 gold pieces
  7211 | D:5      | Bought a scroll of fear for 56 gold pieces
  7323 | D:8      | Noticed a troll
  7324 | D:8      | Found a bloodstained altar of Trog.
  7329 | D:8      | Killed a troll
  7354 | D:8      | Found a shimmering blue altar of Sif Muna.
  7445 | D:8      | Reached **** piety under Okawaru
  7463 | D:8      | Reached XP level 10. HP: 60/81 MP: 9/9
  8221 | D:9      | Noticed Grum
  8225 | D:9      | Reached skill level 15 in Axes
  8237 | D:9      | Killed Grum
  8239 | D:9      | Noticed an elephant
  8256 | D:9      | Killed an elephant
  8256 | D:9      | Reached ***** piety under Okawaru
  8433 | D:9      | Found a staircase to the Lair.
  8906 | D:9      | Found a shimmering altar of Xom.
  8912 | D:9      | Received a gift from Okawaru
  9136 | D:10     | Entered Level 10 of the Dungeon
  9139 | D:10     | Noticed a two-headed ogre
  9148 | D:10     | Killed a two-headed ogre
  9166 | D:10     | Noticed a two-headed ogre
  9175 | D:10     | Killed a two-headed ogre
  9176 | D:10     | Reached XP level 11. HP: 97/97 MP: 10/10
  9386 | D:10     | Noticed Snorg
  9397 | D:10     | Killed Snorg
  9524 | D:10     | Noticed a two-headed ogre
  9530 | D:10     | Killed a two-headed ogre
  9530 | D:10     | Identified the +1 hat of Masochism {-Cast rF++ rN++ MP-9}
                  | (Okawaru gifted it to you on level 10 of the Dungeon)
  9530 | D:10     | Received a gift from Okawaru
  9531 | D:10     | Reached skill level 10 in Fighting
  9700 | D:10     | Found Kytzia's Jewellery Shop.
  9937 | D:10     | Identified the +1 robe "Wushom" {Fly rElec SInv Stlth+}
 10069 | D:10     | Found a staircase to the Orcish Mines.
 10205 | Lair:1   | Entered Level 1 of the Lair of Beasts
 10539 | Lair:1   | Reached skill level 10 in Dodging
 10807 | Lair:1   | Noticed Gastronok
 10839 | Lair:1   | Killed Gastronok
 11051 | Lair:1   | Reached XP level 12. HP: 105/107 MP: 2/11
 11542 | Lair:2   | Reached skill level 10 in Armour
 11553 | Lair:2   | Reached skill level 1 in Shields
 11668 | Lair:2   | Noticed a death yak
 11670 | Lair:2   | Noticed a death yak
 11686 | Lair:1   | Reached ****** piety under Okawaru
 11733 | Lair:2   | Noticed a death yak
 11733 | Lair:2   | Noticed a death yak
 11733 | Lair:2   | Noticed a death yak
 11733 | Lair:2   | Noticed a death yak
 11743 | Lair:1   | Killed a death yak
 11743 | Lair:1   | Identified the +1 broad axe "Sarcophage" {elec, rF+ rC+}
                  | (Okawaru gifted it to you on level 1 of the Lair of Beasts)
 11743 | Lair:1   | Received a gift from Okawaru
 11933 | Lair:2   | Noticed a death yak
 11933 | Lair:2   | Noticed a death yak
 11942 | Lair:2   | Killed a death yak
 11944 | Lair:2   | Killed a death yak
 11945 | Lair:2   | Killed a death yak
 11947 | Lair:2   | Killed a death yak
 12218 | Lair:2   | Killed a death yak
 12235 | Lair:2   | Killed a death yak
 12238 | Lair:2   | Killed a death yak
 12238 | Lair:2   | Received a gift from Okawaru
 12539 | Lair:2   | Found a staircase to the Snake Pit.
 12554 | Lair:2   | Reached skill level 5 in Shields
 12820 | Lair:2   | Reached XP level 13. HP: 95/114 MP: 3/12
 13206 | Lair:2   | Found a staircase to the Swamp.
 13527 | Lair:3   | Identified the +1 pair of gloves "Unikkouk" {rN+ Int+2
                  | Dex-3} (Okawaru gifted it to you on level 3 of the Lair of
                  | Beasts)
 13527 | Lair:3   | Received a gift from Okawaru
 14098 | Lair:3   | Reached skill level 10 in Shields
 14104 | Lair:3   | Reached skill level 1 in Invocations
 14502 | Lair:4   | Found a staircase to the Slime Pits.
 14579 | Lair:4   | Reached skill level 5 in Invocations
 14616 | Lair:4   | Identified the +0 pair of gloves of Kunturel {rElec Str-4
                  | Slay-4 SInv}
 14664 | Lair:4   | Found a runed translucent door.
 14669 | Lair:4   | Found a frozen archway.
 14707 | IceCv    | Entered an ice cave
 14779 | IceCv    | Received a gift from Okawaru
 15098 | IceCv    | Received a gift from Okawaru
 15202 | IceCv    | Identified the +0 pair of gloves of Imperfection {Stlth+}
                  | (Okawaru gifted it to you in an ice cave)
 15202 | IceCv    | Received a gift from Okawaru
 15205 | IceCv    | Reached XP level 14. HP: 95/127 MP: 8/17
 15384 | IceCv    | Noticed a frost giant
 15401 | IceCv    | Killed a frost giant
 15483 | IceCv    | Found the +8 frozen axe "Frostbite" {freeze, freezing
                  | cloud, *Noise Fly rC+}
 16706 | Lair:5   | Entered Level 5 of the Lair of Beasts
 16738 | Lair:5   | Received a gift from Okawaru
 17694 | Lair:5   | Received a gift from Okawaru
 17914 | Lair:5   | Identified the amulet "Toijoesecw" {Faith *Slow rPois rF+++
                  | Dex-4}
 18460 | D:11     | Reached XP level 15. HP: 137/137 MP: 9/18
 19002 | D:12     | Received a gift from Okawaru
 19428 | D:13     | Noticed Urug
 19428 | D:13     | Noticed Nessos
 19428 | D:13     | Noticed Rupert
 19428 | D:13     | Found a gate to the Vaults.
 19428 | D:13     | Found a gate leading to a gauntlet.
 19436 | D:13     | Killed Rupert
 19439 | D:13     | Killed Urug
 19443 | D:13     | Killed Nessos
 19493 | Gauntlet | Entered a Gauntlet
 19493 | Gauntlet | Found a transporter.
 19493 | Gauntlet | Found a transporter.
 19494 | Gauntlet | Found a transporter.
 19518 | Gauntlet | Found a transporter.
 19530 | Gauntlet | Found a transporter.
 19532 | Gauntlet | Found a transporter.
 19546 | Gauntlet | Found a transporter.
 19568 | Gauntlet | Found a transporter.
 19572 | Gauntlet | Found a transporter.
 19576 | Gauntlet | Found a transporter.
 19589 | Gauntlet | Found a transporter.
 19593 | Gauntlet | Found a transporter.
 19745 | Gauntlet | Identified the +0 leather armour "Kery" {Str+4}
 19810 | Gauntlet | Identified the +0 cloak of Watchfulness {rElec}
 19920 | Gauntlet | Identified the ring "Unia" {AC+4 Str+3 Int+3}
 20075 | D:13     | Identified the +2 helmet of the Big Bang {*Slow Will+++
                  | Regen+ Str+3}
 20079 | D:13     | Noticed Azrael
 20088 | D:13     | Killed Azrael
 20285 | D:13     | Found an opulent altar of Gozag.
 20307 | D:13     | Identified the +0 chain mail of Untold Secrets {rC+}
                  | (Okawaru gifted it to you on level 13 of the Dungeon)
 20307 | D:13     | Received a gift from Okawaru
 20473 | D:13     | Noticed a lich
 20474 | D:13     | Found a runed translucent gate.
 20474 | D:13     | Found a runed translucent gate.
 20474 | D:13     | Found an ancient bone altar of Kikubaaqudgha.
 20474 | D:13     | Found a runed translucent gate.
 20474 | D:13     | Noticed Ralil's ghost (journeyman TrFi)
 20474 | D:13     | Noticed Lyung's ghost (journeyman DsCj)
 20474 | D:13     | Noticed Ralil's ghost (journeyman TrFi)
 20475 | D:13     | Noticed a lich
 20534 | D:13     | Noticed Jorgrun
 20542 | D:13     | Killed Jorgrun
 21492 | D:15     | Entered Level 15 of the Dungeon
 21500 | D:15     | Identified Roxanne's Compilation of the Valley
 21500 | D:15     | Noticed Roxanne
 21517 | D:15     | Identified the +1 pair of gloves of Terphir {*Slow rF++
                  | Str+4} (Okawaru gifted it to you on level 15 of the
                  | Dungeon)
 21517 | D:15     | Received a gift from Okawaru
 21521 | D:15     | Noticed Josephine
 21526 | D:15     | Killed Josephine
 21671 | D:15     | Reached XP level 16. HP: 145/145 MP: 10/19
 21779 | D:15     | Found a staircase to the Depths.
 21888 | D:15     | Noticed Kirke
 21893 | D:15     | Noticed a sphinx
 21900 | D:15     | Killed Kirke
 22070 | D:15     | Reached XP level 17. HP: 151/151 MP: 11/20
 22882 | D:15     | Killed Roxanne
 22923 | D:13     | Killed Lyung's ghost
 22928 | D:13     | Killed a lich
 22929 | D:13     | Killed Ralil's ghost
 22934 | D:13     | Killed a lich
 22939 | D:13     | Killed Ralil's ghost
 22944 | D:13     | Identified the +2 pair of boots of the Soldier {*Slow rC+++
                  | MP-9 SInv}
 22959 | D:13     | Identified the ring of the Komtur {Fire rN+ Str+4 Int-3
                  | Slay+6}
 23147 | D:7      | Killed BillyBaka's ghost
 23147 | D:7      | Identified the +0 hat of Pepabbey {Rampage rElec Dex-4}
                  | (Okawaru gifted it to you on level 7 of the Dungeon)
 23147 | D:7      | Received a gift from Okawaru
 23328 | Orc:1    | Entered Level 1 of the Orcish Mines
 23648 | Orc:2    | Entered Level 2 of the Orcish Mines
 23795 | Orc:1    | Found Esiupt's Magic Scroll Boutique.
 23801 | Orc:1    | Bought a scroll of enchant armour for 75 gold pieces
 23801 | Orc:1    | Bought a scroll of silence for 95 gold pieces
 23801 | Orc:1    | Bought a scroll of magic mapping for 75 gold pieces
 23801 | Orc:1    | Bought a scroll of identify for 20 gold pieces
 23801 | Orc:1    | Bought a scroll of identify for 20 gold pieces
 23864 | Orc:2    | Reached skill level 27 in Axes
 24065 | Orc:2    | Reached skill level 15 in Fighting
 24069 | Orc:2    | Found a staircase to the Elven Halls.
 24116 | Orc:2    | Found Waub's Book Emporium.
 24116 | Orc:2    | Found Ushrycaha's Distillery.
 24117 | Orc:2    | Found Muhafir's General Store.
 24117 | Orc:2    | Found Cyemor's Antique Weapon Shoppe.
 24127 | Orc:2    | Bought a potion of might for 52 gold pieces
 24633 | Orc:2    | Bought a potion of experience for 550 gold pieces
 24633 | Orc:2    | Bought a potion of heal wounds for 55 gold pieces
 24633 | Orc:2    | Bought a potion of heal wounds for 55 gold pieces
 24633 | Orc:2    | Bought a potion of resistance for 110 gold pieces
 24633 | Orc:2    | Reached XP level 18. HP: 163/163 MP: 12/21
 24784 | Swamp:1  | Entered Level 1 of the Swamp
 24834 | Swamp:1  | Noticed Nikola
 24856 | Swamp:1  | Killed Nikola
 24889 | Swamp:1  | Received a gift from Okawaru
 24989 | Swamp:1  | Found a radiant altar of Vehumet.
 25949 | Swamp:2  | Reached XP level 19. HP: 170/170 MP: 13/22
 26052 | Swamp:3  | Reached skill level 15 in Armour
 26632 | Swamp:4  | Entered Level 4 of the Swamp
 27033 | Swamp:4  | Identified a scroll of acquirement
 27058 | Swamp:4  | Acquired the ring "Jeggiukh" {rCorr Str+3}
 27371 | Swamp:4  | Identified the +12 crystal plate armour of the Sneaky
                  | Prophets {Int+3} (Okawaru gifted it to you on level 4 of
                  | the Swamp)
 27371 | Swamp:4  | Received a gift from Okawaru
 27386 | Swamp:4  | Got a decaying rune of Zot
 27575 | Snake:1  | Entered Level 1 of the Snake Pit
 28798 | Snake:2  | Reached skill level 15 in Dodging
 28803 | Snake:2  | Noticed Vashnia
 29102 | Snake:2  | Noticed Saint Roka
 29168 | Snake:2  | Killed Saint Roka
 29449 | Snake:2  | Killed Vashnia
 30570 | Snake:3  | Noticed Aizul
 30580 | Snake:3  | Killed Aizul
 30617 | Snake:3  | Identified the +1 hat "Wiekheogai" {Will+ Str+2 Dex-5
                  | Stlth+} (Okawaru gifted it to you on level 3 of the Snake
                  | Pit)
 30617 | Snake:3  | Received a gift from Okawaru
 30618 | Snake:3  | Reached XP level 20. HP: 184/184 MP: 14/23
 30653 | Snake:3  | Noticed Donald
 30667 | Snake:3  | Killed Donald
 31604 | Snake:4  | Entered Level 4 of the Snake Pit
 31953 | Snake:4  | Noticed Asterion
 32355 | Snake:4  | Received a gift from Okawaru
 32466 | Snake:4  | Got a serpentine rune of Zot
 32747 | Snake:4  | Gained mutation: Your magical capacity is low. (-10% MP) [a
                  | cacodemon]
 32748 | Snake:4  | Killed Asterion
 33022 | Elf:1    | Entered Level 1 of the Elven Halls
 33048 | Elf:1    | Paralysed by an air elemental for 1 turns
 33134 | Elf:1    | Found Zorycapn's Antique Armour Boutique.
 33138 | Elf:1    | Found Inacrupu's General Store.
 33139 | Elf:1    | Found Jorakham's Antique Armour Boutique.
 33149 | Elf:1    | Bought a pair of twisted boots for 323 gold pieces
 33149 | Elf:1    | Identified the +1 pair of boots "Giemeaj" {Rampage rF+
                  | Will+} (You bought it in a shop on level 1 of the Elven
                  | Halls)
 33494 | Elf:1    | Found Meoranou's Antique Weapon Boutique.
 33534 | Elf:1    | Noticed Zenata
 33547 | Elf:1    | Killed Zenata
 33567 | Elf:1    | Identified the +9 broad axe of Bodily Humours {freeze,
                  | Str-2 Int+4 Dex+3} (Okawaru gifted it to you on level 1 of
                  | the Elven Halls)
 33567 | Elf:1    | Received a gift from Okawaru
 33620 | Elf:1    | Got the Collected Works on Bombardment
 34209 | Elf:2    | Paralysed by an air elemental for 1 turns
 34271 | Abyss:2  | Cast into level 2 of the Abyss (a deep elf sorcerer)
 34405 | Abyss:2  | Received a gift from Okawaru
 34471 | Abyss:3  | Noticed a bone dragon
 34483 | Abyss:3  | Killed a bone dragon
 34502 | Abyss:3  | Found a corrupted altar of Lugonu.
 34509 | Abyss:3  | Found a corrupted altar of Lugonu.
 34509 | Abyss:3  | Found a corrupted altar of Lugonu.
 34520 | Abyss:3  | Reached XP level 21. HP: 209/209 MP: 13/22
 34522 | Elf:2    | Escaped the Abyss
 34769 | Elf:1    | Found an ancient bone altar of Kikubaaqudgha.
 34770 | Elf:1    | Noticed Frances
 34776 | Elf:1    | Killed Frances
 34878 | Elf:2    | Found a runed translucent gate.
 34879 | Elf:2    | Found a runed translucent gate.
 34879 | Elf:2    | Found a runed translucent gate.
 35343 | Elf:3    | Entered Level 3 of the Elven Halls
 35652 | Elf:3    | Identified the +0 hat of Arapsunni {Harm rPois rC-}
                  | (Okawaru gifted it to you on level 3 of the Elven Halls)
 35652 | Elf:3    | Received a gift from Okawaru
 35848 | Elf:3    | Identified the staff of air "Riuf" {Contam rElec Str+3
                  | Int+3}
 35874 | Elf:3    | Found the amulet of the Air {Inacc Air Fly rElec RMsl}
 35878 | Elf:3    | Identified the staff of air "Muofuwk" {rElec Dex+7}
 35879 | Elf:3    | Identified the +4 chain mail of Dixzun {+Inv rN++ Stlth-}
 35880 | Elf:3    | Identified the +0 ring mail "Xiodocui" {Str+3}
 35927 | Elf:3    | Identified the +0 scale mail of the Echidna {rC+}
 35937 | Elf:3    | Identified the +5 battleaxe "Ulyxiox" {spect, Int+3}
 35939 | Elf:3    | Identified the staff of poison "Ihyerist" {rElec rPois rF+
                  | rN++ rCorr}
 35944 | Elf:3    | Identified the +6 shortbow of the Warrior {antimagic, rF+
                  | Dex+3}
 35983 | Elf:3    | Found the +8 demon blade "Leech" {evervamp, Harm Drain rN+}
 35993 | Elf:3    | Identified the +4 trident "Oxent" {flame, +Blink rCorr}
 36000 | Elf:3    | Identified the +3 scale mail "Katol" {Contam +Inv rElec
                  | Str+5}
 36319 | Elf:3    | Found an ancient bone altar of Kikubaaqudgha.
 36555 | Elf:3    | Found the +15 Maxwell's patent armour {-Cast -Tele rElec
                  | Will+ rCorr}
 36557 | Elf:3    | Found the +8 storm bow {elec, penet}
 36564 | Elf:3    | Identified the +3 great mace "Risch" {speed, Int+3 Dex+6}
 36565 | Elf:3    | Identified the +6 glaive of the Ecumenical Temple {vamp,
                  | Int+5}
 36799 | Vaults:1 | Entered Level 1 of the Vaults
 37326 | Vaults:1 | Received a gift from Okawaru
 37670 | Vaults:1 | Reached skill level 27 in Fighting
 37712 | Vaults:1 | Reached XP level 22. HP: 190/233 MP: 16/25
 38208 | Vaults:2 | Found Houlaoqedu's Distillery.
 38216 | Vaults:2 | Bought 2 potions of haste for 320 gold pieces
 38216 | Vaults:2 | Bought a potion of resistance for 160 gold pieces
 38216 | Vaults:2 | Bought a potion of might for 64 gold pieces
 38616 | Vaults:2 | Received a gift from Okawaru
 39450 | Vaults:3 | Identified the +2 robe of Ashenzari's Regard {Int+3}
 39661 | Vaults:3 | Identified the amulet "Iqacsiss" {Acrobat Dex+3 SInv}
 39666 | Vaults:3 | You are sucked into a shaft and drop 1 floor!
 39726 | Abyss:3  | Found a corrupted altar of Lugonu.
 39726 | Abyss:3  | Cast into level 3 of the Abyss (vault guard)
 39736 | Abyss:3  | Found a corrupted altar of Lugonu.
 39864 | Abyss:3  | Identified the +0 cloak of Jucam {Int+3} (Okawaru gifted it
                  | to you on level 3 of the Abyss)
 39864 | Abyss:3  | Received a gift from Okawaru
 39915 | Abyss:3  | Found a corrupted altar of Lugonu.
 39981 | Abyss:3  | Got an abyssal rune of Zot
 39989 | Vaults:4 | Escaped the Abyss
 40062 | Vaults:4 | Found Ytsu's Weapon Shop.
 41130 | Vaults:4 | Identified the +9 war axe of the Eternal Void {spect,
                  | rPois} (Okawaru gifted it to you on level 4 of the Vaults)
 41130 | Vaults:4 | Received a gift from Okawaru
 41211 | Vaults:3 | Found a staircase to the Crypt.
 41517 | Depths:1 | Entered Level 1 of the Depths
 41641 | Depths:1 | Reached XP level 23. HP: 232/240 MP: 17/26
 41775 | Depths:1 | Found a gateway to Hell.
 41796 | Depths:1 | Identified the +9 demon trident of the Poles {venom, rF+}
 41934 | Depths:1 | Identified the +2 whip of Vuinisil {antimagic, *Noise Int+5
                  | Stlth+}
 41957 | Depths:1 | Found a one-way gate to the infinite horrors of the Abyss.
 42088 | Depths:1 | Found Ithribako's Jewellery Emporium.
 42105 | Depths:1 | Identified the +4 scale mail "Tafaci" {rPois rF- Int+4}
                  | (Okawaru gifted it to you on level 1 of the Depths)
 42105 | Depths:1 | Received a gift from Okawaru
 42162 | Depths:1 | Found a snail-covered altar of Cheibriados.
 42512 | Depths:2 | Found a one-way gate leading to the halls of Pandemonium.
 42528 | Depths:2 | Identified the ring of Sotux {rF+ rC+ rN+ Int+7}
 42901 | Depths:2 | Found a transporter.
 42904 | Depths:2 | Identified the +3 great mace of Prescription {heavy, rPois
                  | rC+++ Dex-4 Stlth+}
 42914 | Depths:2 | Found a transporter.
 42922 | Depths:2 | Identified the +4 great mace "Hureiski" {freeze, rF+}
 42926 | Depths:2 | Noticed Amikeex's ghost (adept TrMo)
 43056 | Depths:2 | Identified the +1 hand crossbow "Coguvi" {drain, rC- Will+
                  | Dex+3}
 43065 | Depths:2 | Identified the +1 longbow of the Scorpion {elec, rC-
                  | Will+++ Str+4 SInv}
 43388 | Depths:2 | Killed Amikeex's ghost
 43397 | Depths:2 | Identified the -1 hat "Anlecuaw" {Drain Regen+ Str+3
                  | Slay+4}
 43522 | Depths:3 | Identified the +11 crystal plate armour of Generosity
                  | {rF++} (Okawaru gifted it to you on level 3 of the Depths)
 43522 | Depths:3 | Received a gift from Okawaru
 43885 | Depths:3 | Identified the +3 scale mail "Tauxtoupt" {rF+ rN+ Stlth-}
 44131 | Depths:3 | Found a one-way gateway to a ziggurat.
 44185 | Depths:3 | Found a shimmering blue altar of Sif Muna.
 44396 | Depths:4 | Entered Level 4 of the Depths
 44789 | Depths:4 | Found a gate to the Realm of Zot.
 44931 | Depths:4 | Found Veowuax's Assorted Antiques.
 44970 | Depths:4 | Identified the +0 buckler of Quiet Fog {rCorr Stlth+}
 44989 | Depths:4 | Bought a pair of embroidered gloves for 375 gold pieces
 45000 | Depths:4 | Bought a potion of invisibility for 400 gold pieces
 45326 | Depths:4 | Reached XP level 24. HP: 244/249 MP: 17/26
 45505 | Zot:1    | Entered Level 1 of the Realm of Zot
 45902 | Zot:1    | Reached skill level 27 in Armour
 46726 | Zot:1    | Identified the +4 battleaxe of the Grand God {holy, Fly
                  | Will+ Int+2} (Okawaru gifted it to you on level 1 of the
                  | Realm of Zot)
 46726 | Zot:1    | Received a gift from Okawaru
 46793 | Zot:1    | Found a runed translucent gate.
 46793 | Zot:1    | Found a runed translucent gate.
 46793 | Zot:1    | Found a runed translucent gate.
 47014 | Zot:1    | Noticed Jiorhin's ghost (legendary TrBe)
 47015 | Zot:1    | Found an opulent altar of Gozag.
 47017 | Zot:1    | Found Poattin's Assorted Antiques.
 47018 | Zot:1    | Found Hoheguto's Assorted Antiques.
 47932 | Zot:2    | Identified the +3 robe of Gravity {-Tele rC+ Regen+}
                  | (Okawaru gifted it to you on level 2 of the Realm of Zot)
 47932 | Zot:2    | Received a gift from Okawaru
 49303 | Zot:3    | Reached XP level 25. HP: 148/257 MP: 17/26
 50210 | Zot:3    | Found a shimmering blue altar of Sif Muna.
 50214 | Zot:3    | Found a transporter.
 50247 | Zot:3    | Noticed an ancient lich
 50281 | Zot:3    | Noticed an orb of fire
 50389 | Zot:4    | Identified the +0 plate armour of Death's Door {rElec rC++
                  | rCorr Str-3}
 50465 | Zot:4    | Found a transporter.
 50465 | Zot:4    | Found a transporter.
 50500 | Zot:4    | Noticed Parghit
 50514 | Zot:4    | Killed Parghit
 51099 | Zot:5    | Entered Level 5 of the Realm of Zot
 51629 | Zot:5    | Noticed an orb of fire
 51636 | Zot:5    | Killed an orb of fire
 51638 | Zot:5    | Noticed an orb of fire
 51646 | Zot:5    | Gained mutation: You are clumsy. (Dex -2) [an orb of fire]
 51650 | Zot:5    | Killed an orb of fire
 51657 | Zot:5    | Noticed a dread lich
 51657 | Zot:5    | Noticed an ancient lich
 51657 | Zot:5    | Noticed a dread lich
 51657 | Zot:5    | Noticed a dread lich
 51657 | Zot:5    | Noticed a Killer Klown
 51657 | Zot:5    | Noticed a Killer Klown
 51657 | Zot:5    | Noticed an ancient lich
 51657 | Zot:5    | Noticed an orb of fire
 51663 | Zot:5    | Gained mutation: You are frail. (-10% HP) [an orb of fire]
 51677 | Zot:5    | Killed an orb of fire
 51685 | Zot:5    | Killed a dread lich
 51694 | Zot:5    | Killed a dread lich
 51694 | Zot:5    | Received a gift from Okawaru
 51698 | Zot:5    | Killed a dread lich
 51701 | Zot:5    | Noticed a dread lich
 51711 | Zot:5    | Killed a dread lich
 51712 | Zot:5    | Noticed an ancient lich
 51720 | Zot:5    | Killed an ancient lich
 51725 | Zot:5    | Killed an ancient lich
 51731 | Zot:5    | Noticed a dread lich
 51735 | Zot:5    | Killed a dread lich
 51748 | Zot:5    | Killed an ancient lich
 51753 | Zot:5    | Killed a Killer Klown
 51771 | Zot:5    | Killed a Killer Klown
 51771 | Zot:5    | Noticed a Killer Klown
 51779 | Zot:5    | Killed a Killer Klown
 51783 | Zot:5    | Noticed a Killer Klown
 51789 | Zot:5    | Killed a Killer Klown
 52152 | Zot:5    | Reached XP level 26. HP: 219/239 MP: 17/26
 52313 | Zot:5    | Lost mutation: You are clumsy. (Dex -2) [potion of
                  | mutation]
 52313 | Zot:5    | Lost mutation: You are frail. (-10% HP) [potion of
                  | mutation]
 52313 | Zot:5    | Gained mutation: Your magical capacity is very low. (-20%
                  | MP) [potion of mutation]
 52355 | Zot:5    | Got the Orb of Zot
 52359 | Zot:5    | Paralysed by a Zot trap for 4 turns
 52657 | D:15     | Noticed Yges the pandemonium lord
 52731 | D:11     | Noticed Juwaot the pandemonium lord
 52827 | D:3      | Noticed Isetaf the pandemonium lord
 52836 | D:3      | Killed Isetaf the pandemonium lord
 52881 | D:1      | Received a gift from Okawaru
 52923 | D:$      | Escaped with the Orb!

Illustrated notes

Levels and vault maps discovered:
D:1:      dpeg_arrival_tiny_k, layout_rooms, minmay_pentomino_x4
D:2:      layout_loops_ring, ebering_ecumenical_altar_hall
D:3:      layout_basic, grunt_temple_overflow_cloverleaf, uniq_robin
D:4:      layout_basic, nicolae_overflow_crystal_walls,
          minmay_temple_entry_fiery
D:5:      layout_rooms, biasface_ghost_orc_armoury, serial_shops,
          nicolae_shop_statue_plus, nicolae_elemental_shop, minivault_27,
          uniq_blork_the_orc
D:6:      layout_loops_ring, nicolae_shop_i_like_big_books,
          serial_bayou_crossing, uniq_edmund, uniq_menkaure
D:7:      layout_cave_pods, gammafunk_ghost_necromancy, abandoned_shop,
          lemuel_flamethrower_2, uniq_pikel, uniq_maggie
D:8:      layout_basic, nzn_overflow_gifts_of_might_and_magic, serial_shops,
          shop_fountains, minmay_fire_ice_demons
D:9:      layout_roguey, lemuel_crystal_altar, david_lair_generic, uniq_grum
D:10:     layout_roguey, orc_0_dummy, serial_shops, shop, uniq_snorg
D:11:     layout_basic
D:12:     layout_roguey, dreamdust_mushroom_princess
D:13:     layout_long_grid, david_vaults_3, gammafunk_ghost_crypt,
          gauntlet_entry_generic, nicolae_gozag_seed_capital, uniq_jorgrun,
          uniq_azrael, uniq_urug
D:14:     minmay_recursive_quarters, layout_cave_pools, special_room
          [special_room_mythical_zoo]
D:15:     grunt_enter_depths_magical_seal, layout_stronghold,
          hangedman_abyss_or_decor_stabs, uniq_kirke, uniq_josephine,
          uniq_roxanne, uniq_rupert
Lair:1:   layout_regular_city, grunt_megastairs_5, uniq_gastronok
Lair:2:   layout_roguey, nicolae_swamp_entry_spooky,
          minmay_snake_entry_six_corridors
Lair:3:   layout_loops_ring, minivault_26
Lair:4:   gammafunk_mikee_crab_dinner, layout_regular_city,
          minmay_slime_entry_jelly_boxes, portal_ice_cave_entry_imps,
          minmay_lair_drake_nest, infiniplex_staircase_pool_2,
          grunt_megastairs_2
Lair:5:   gammafunk_lair_ancient_temple, layout_regular_city,
          lemuel_old_faithful
Swamp:1:  layout_falls_marsh, nicolae_swamp_godswood, uniq_nikola
Swamp:2:  cheibrodos_swamp_heart_of_darkness, layout_falls_marsh,
          evilmike_swamp_ruin_house_2
Swamp:3:  layout_basic_swamp, evilmike_swamp_ruin_house_5, swamp_pool3
Swamp:4:  swamp_icy, layout_basic_swamp
Snake:1:  layout_chambers, serial_bayou_lagoon_a
Snake:2:  layout_cave_shapes, nicolae_coiled_stairwell_down, uniq_vashnia,
          uniq_saint_roka
Snake:3:  layout_chambers, nicolae_integral_box, uniq_donald, uniq_aizul
Snake:4:  minmay_snake_end_coiled, layout_basic, nicolae_snake_single_loop,
          nicolae_snake_bzzzt, uniq_asterion
Orc:1:    layout_caves, serial_shops, shop
Orc:2:    st_orc_ogre_mass, layout_caves
Elf:1:    nicolae_elf_arrival_no_cutting_in_line, layout_loops_corners,
          serial_shops, shop, minmay_elf_annihilation, minmay_shop_star,
          lemuel_upstairs_altar, uniq_zenata, uniq_frances
Elf:2:    nicolae_elf_blades_crystal_corner, layout_loops_ring,
          grunt_ministairs_6
Elf:3:    grunt_elf_hall_branching, layout_onion_city, basic_altar,
          solitary_fountain
Vaults:1: vaults_room_boxed, hangedman_vaults_stagger,
          nicolae_vaults_ellipses_ellipsis, v_alt_pattern_6, vaults_room_pool,
          ontoclasm_vaults_bender, nicolae_vaults_alarming,
          nicolae_vaults_turnstiles, nicolae_vaults_tetromino_L_1,
          layout_vaults_omnicross
Vaults:2: vaults_room_ringed_pool, nicolae_vaults_closet_pinwheel_6,
          vaults_room_door_ring, nicolae_vaults_stepped_doors,
          vaults_mumra_minichess, vaults_room_fancy_cross,
          layout_vaults_omnigrid, serial_shops, shop
Vaults:3: nicolae_vaults_yaktaur_gun_rack, ontoclasm_vaults_fault, v_pattern_2,
          nicolae_vaults_octothorpe, v_misc_29, vaults_dpeg_encased_lava,
          hangedman_vaults_maws, nicolae_vaults_hexular_roomagon,
          nicolae_vaults_tetromino_Z_2, nicolae_vaults_weapon_check,
          nicolae_vaults_bisected_slash, layout_vaults_ring
Vaults:4: grunt_vaults_diagonal, v_misc_22, nicolae_vaults_meiosis, v_rooms_5,
          v_pattern_4, ontoclasm_vaults_shout,
          nicolae_vaults_taking_the_gang_shopping, layout_vaults_chaotic_city,
          uniq_margery
Depths:1: layout_basic, abyss_entry, hellmouth_2, hangedman_decor_slide_cut,
          hex_large, amcnicky_mini_pool_small, grunt_ministairs_6,
          nicolae_wooded_promenade, cheibriados_altar_1
Depths:2: minmay_the_grid_triangle_9x9_rhombus_thin_mashed
          [minmay_the_grid_triangle_9x9_dagger,
          minmay_the_grid_triangle_9x9_prize_insulated,
          minmay_the_grid_triangle_9x9_semitri,
          minmay_the_grid_triangle_9x9_sparse_checkered], layout_cave_pools,
          abyss_entry, pan_entry, minivault_14, hell_entry,
          gammafunk_ghost_smash, kennysheep_pointless_box,
          infiniplex_staircase_hallway_doors
Depths:3: kennysheep_blocky_hall, layout_gridlike, enter_ziggurat_b, hell_entry,
          nicolae_sif_muna_condensation, abyss_entry
Depths:4: evilmike_zot_entry_argh, layout_gridville, serial_shops,
          nicolae_shop_dealshenge, hell_entry, fountainhead, due_unseen_surprise
Zot:1:    kennysheep_spiral_hall, layout_gridlike, ebering_ghost_gozag
Zot:2:    lemuel_halls_of_wrath, layout_basic, st_stairs_10
Zot:3:    gammafunk_sealed_library, layout_gridlike
Zot:4:    gammafunk_the_bubble [the_bubble_gammafunk_plus_minus],
          layout_twisted_circle, hangedman_zot_decor_scrapings, uniq_parghit
Zot:5:    layout_misc_corridors

Skill      XL: |  1  2  3  4  5  6  7  8  9 10 11 12 13 14 15 16 17 18 19 20 21 22 23 24 25 26 |
---------------+-------------------------------------------------------------------------------+-----
Fighting       | 3 4 5 9 10 12 13 15 17 22 27 | 27.0
Axes           | 3 5 7 10 11 13 16 18 21 24 26 27 | 27.0
Armour         | 5 8 10 11 14 15 21 26 27 | 27.0
Dodging        | 5 7 10 15 20 24 25 | 25.1
Shields        | 6 10 | 10.1
Invocations    | 6 9 |  9.3
Throwing       | |  2.0
Unarmed Combat | |  3.2

Action                     |  1- 3 |  4- 6 |  7- 9 | 10-12 | 13-15 | 16-18 | 19-21 | 22-24 | 25-27 || total
---------------------------+-------+-------+-------+-------+-------+-------+-------+-------+-------++-------
  Melee: Unarmed           |    86 |    42 |       |       |       |       |       |       |       ||   128
         Headbutt          |    19 |    18 |    37 |   120 |   213 |    88 |   279 |   380 |    94 ||  1248
         Punch             |     3 |     3 |     4 |    11 |       |       |       |       |       ||    21
         Hand axe          |       |    76 |     1 |       |       |       |       |       |       ||    77
         War axe           |       |       |   206 |   387 |    11 |     5 |       |       |       ||   609
         Broad axe         |       |       |       |   116 |   549 |     8 |     6 |       |       ||   679
         Executioner's axe |       |       |       |       |   272 |   336 |  1166 |  1358 |   446 ||  3578
  Throw: Throwing net      |       |     2 |     1 |       |       |       |       |       |       ||     3
 Invoke: Heroism           |       |       |     2 |     3 |     3 |     1 |       |       |       ||     9
         Finesse           |       |       |       |       |     1 |     1 |     1 |     4 |     4 ||    11
  Evoke: Wand              |       |     2 |       |       |     1 |       |       |     5 |     2 ||    10
    Use: Scroll            |       |     4 |     4 |     4 |     9 |    13 |     5 |     4 |     6 ||    49
         Potion            |       |       |     1 |     3 |     3 |     3 |       |     4 |     8 ||    22
   Stab: Held in net/web   |       |     1 |     1 |       |       |       |       |       |       ||     2
         Invisible         |       |       |       |       |    14 |       |       |       |     2 ||    16
         Distracted        |       |       |       |       |       |       |     1 |     1 |       ||     2
 Armour: Leather armour    |     8 |    11 |       |       |       |       |       |       |       ||    19
         Chain mail        |       |    32 |    90 |   241 |   377 |    91 |       |       |       ||   831
         Skin              |       |       |     7 |       |       |       |       |       |       ||     7
         Plate armour      |       |       |       |       |       |    59 |   100 |       |       ||   159
         Crystal plate arm |       |       |       |       |       |       |   623 |   737 |    90 ||  1450
         Gold dragon scale |       |       |       |       |       |       |       |       |   110 ||   110
  Dodge: Dodged            |    39 |    52 |   119 |   261 |   328 |   147 |   578 |   768 |   222 ||  2514
         Repelled          |       |       |       |       |       |       |       |    15 |     6 ||    21
  Block: Kite shield       |       |       |       |       |   270 |       |       |       |       ||   270
